 BcadrenCrawl: Boulder Brew version 0.06-688-g08e91b2d95 (webtiles) character file.

Game seed: 12972063344351137772

86 Leeroy the Shooter (level 4, -2/48 HPs) Tengu Centaur. Began on Jan 24, 2023. Slain by a sewer rat (4 damage) ... on level 1 of the Dungeon. The game lasted 00:02:30 (865 turns).

Leeroy the Shooter (Tengu Centaur)                   Turns: 865, Time: 00:02:31

Health: -2/48      AC:  4    Str: 16    XL:     4 ^: 73
Magic:  5/5        EV: 10    Int: 12    God:
Gold:   27         SH:  0    Dex: 11    Spells: 3/3 levels left

rFire    . . .     Slash    x   k - +0 dagger (venom)
rCold    . . .     Pierce   .   (no weapon)
rNeg     . . .     Bludgeon .   c - +0 leather armour
rCorr    . . .     Vision   .   (helmet restricted)
rPois    .         Gourm    .   (no cloak)
rElec    .         Faith    .   (no gloves)
MR       .....     Spirit   .   (no barding)
HPRegen  0.26/turn Reflect  .   (no amulet)
MPRegen  0.15/turn Harm     .   (no ring)
Stlth    +.........             (no ring)

@: very slow
A: large, beak, hippogriff form, talons, deformed body 1, speed 2, soft flesh,
AC +3
a: no special abilities


You were on level 1 of the Dungeon.
You were not hungry.

You visited 1 branch of the dungeon, and saw 2 of its levels.

You collected 27 gold pieces.

Inventory:

Weapons
 a - a +0 shortbow
 b - a +0 short sword
 k - a +0 dagger of venom (weapon)
Armour
 c - a +0 leather armour (worn)
Jewellery
 h - an uncursed ring of positive energy
 i - a cursed ring of intelligence {(Curse: *Slow)}
Scrolls
 e - 2 scrolls of bless item
 g - a scroll of immolation
 m - a scroll of fear
 n - a scroll of torment
Potions
 j - a potion of might
 l - a potion of brilliance
Comestibles
 d - 2 rations


   Skills:
 - Level 2.0 Fighting
 + Level 7.5 Bows
 - Level 2.1 Dodging
 - Level 1.0 Stealth


You had 3 spell levels left.
You didn't know any spells.
Your spell library was empty.

Dungeon Overview and Level Annotations

Branches:
Dungeon (2/8)

Altars:


Innate Abilities, Weirdness & Mutations

Your horsehide is resilient. (AC +3)
You have a beak for a mouth.
You have a hippogriff-like bottom half; talons in the front, hooves in the back.
Armour fits poorly on your strangely shaped body.
You cover ground very quickly.
Your soft flesh is weak to deep cuts.
Heavy manmade armour will nullify this weakness. (rSlashing-)


Message History

The ball python bites you but does no damage.
You hit the ball python (1).
It resists.
The ball python is poisoned.
You hit the ball python (1).
You kill the ball python!
You hear a splash.
The sewer rat bites you (3).
* * * LOW HITPOINT WARNING * * *
The sewer rat bites you but does no damage.
The sewer rat bites you (1).
* * * LOW HITPOINT WARNING * * *
The sewer rat bites you (3).
* * * LOW HITPOINT WARNING * * *
You enter the shallow water.
Moving in this stuff is going to be slow.
The sewer rat bites you (4).
* * * LOW HITPOINT WARNING * * *
The sewer rat bites you (3).
* * * LOW HITPOINT WARNING * * *
The sewer rat bites you (4).
You die...

#.††..#
#.#...###
#.....≈##
##....≈≈##
#####...#≈≈###
#.......#≈≈#
#.###...#≈≈#
#......##r≈#
##...####r@≈##
#....≈≈≈≈rr≈.#
#...≈≈≈≈≈≈≈.≈#
###≈≈#####...#
#### #####
####


You could see 4 submerged sewer rats.

Vanquished Creatures
  A giant cockroach (D:1)
  4 sewer rats (D:1)
  A worm (D:1)
  A leopard gecko (D:1)
  2 ball pythons (D:1)
  2 goblins (D:1)
  5 hobgoblins (D:1)
  5 bats
  7 kobolds (D:1)
  2 rats (D:1)
30 creatures vanquished.

Vanquished Creatures (others)
  A withered plant (D:2)
1 creature vanquished.

Grand Total: 31 creatures vanquished

Notes
Turn   | Place    | Note
-------+----------+-------------------------------------------
     0 | D:1      | Leeroy the Tengu Centaur began the quest for the Orb.
     0 | D:1      | Reached XP level 1. HP: 24/24 MP: 2/2
    57 | D:1      | Reached skill level 5 in Bows
    57 | D:1      | Reached XP level 2. HP: 32/32 MP: 3/3
    88 | D:1      | Reached skill level 6 in Bows
   131 | D:1      | Reached XP level 3. HP: 40/40 MP: 4/4
   735 | D:1      | Reached skill level 7 in Bows
   768 | D:1      | Reached XP level 4. HP: 28/48 MP: 5/5
   853 | D:2      | Identified a scroll of acquirement
   865 | D:1      | HP: 2/48 [sewer rat (3)]
   865 | D:1      | Slain by a sewer rat

Illustrated notes

Levels and vault maps discovered:
D:1:      mrwooster_arrival_statue_3, layout_rooms, first_ration,
          cheibrodos_sewer_entry_bend
D:2:      layout_sewer, serial_shops, shop, nrook_mini_vaults, chequers_jeans

Skill      XL: |  1  2  3 |
---------------+----------+-----
Bows           | 5 6 7 |  7.5
Fighting       | |  2.0
Dodging        | |  2.1
Stealth        | |  1.0

Action                   |  1- 3 |  4- 6 || total
-------------------------+-------+-------++-------
Melee: Dagger            |       |     6 ||     6
       Unarmed           |       |     6 ||     6
       Kick              |       |     1 ||     1
 Fire: Shortbow          |    65 |     3 ||    68
Armor: Leather armour    |     2 |     9 ||    11
Dodge: Dodged            |     4 |     5 ||     9
